 Dungeon Crawl Stone Soup version 0.18-a0-1179-g120c792 (webtiles) character file.

16984380 zoolka the Skullcrusher (level 27, 273/273 HPs)
             Began as a Minotaur Fighter on Jan 25, 2016.
             Was the Champion of the Shining One.
             Escaped with the Orb
             ... and 15 runes on Jan 27, 2016!
             The game lasted 13:22:22 (91822 turns).

zoolka the Skullcrusher (Minotaur Fighter)         Turns: 91822, Time: 13:22:22

Health: 273/273    AC: 53    Str: 31    XL:     27
Magic:  48/48      EV: 26    Int: 12    God:    the Shining One [******]
Gold:   14230      SH: 40    Dex: 19    Spells: 0 memorised, 26 levels left

rFire  + + +     SeeInvis .     C - +9 sacred scourge (holy)
rCold  + + +     Gourm    .     q - +9 armour of the Dragon King {rPois rF+ rC+ MR+}
rNeg   + + +     Faith    .     K - +8 large shield {reflect}
rPois  +         Spirit   .     s - -2 hat of the Alchemist {rElec rPois rF+ rC+ rN+ MR+ rMut rCorr}
rElec  +         Dismiss  .     p - +2 cloak {MR+}
rCorr  +         Reflect  +     n - +2 pair of gloves {Str+3}
rMut   +         Harm     .     e - +2 pair of boots {run}
SustAt .                        x - amulet of Desertification {Reflect rC+ Str+4 SH+4}
MR     +++++                    Z - ring "Noroist" {MP+9 Int+3 Dex+3}
Stlth  ..........               D - ring "Tolere" {rF+ AC+5}

@: glowing, quick, almost entirely resistant to hostile enchantments, extremely
unstealthy
A: retaliatory headbutt, horns 2, slimy green scales 1, blink, regeneration 3,
subdued magic 1
a: Blink, Divine Shield, Cleansing Flame, Summon Divine Warrior, Renounce
Religion
0: Orb of Zot
}: 15/15 runes: decaying, slimy, silver, golden, iron, obsidian, icy, bone,
abyssal, demonic, glowing, magical, fiery, dark, gossamer


You escaped.
You worshipped the Shining One.
The Shining One was exalted by your worship.
You were not hungry.

You visited 18 branches of the dungeon, and saw 93 of its levels.
You visited Pandemonium 1 time, and saw 35 of its levels.
You visited the Abyss 2 times.
You visited 1 ziggurat, and saw 20 of its levels.

You collected 16007 gold pieces.
You spent 1051 gold pieces at shops.

Inventory:

Hand Weapons
 C - a +9 sacred scourge of holy wrath (weapon)
Armour
 e - a +2 pair of boots of running (worn)
 n - a +2 pair of gloves of strength (worn)
 p - a +2 cloak of magic resistance (worn)
 q - the +9 armour of the Dragon King (worn) {rPois rF+ rC+ MR+}
   (You found it on level 4 of the Lair of Beasts)

   It protects you from fire.
   It protects you from cold.
   It protects you from poison.
   It affects your resistance to hostile enchantments.
 s - the -2 hat of the Alchemist (worn) {rElec rPois rF+ rC+ rN+ MR+ rMut rCorr}
   (You found it on level 3 of the Elven Halls)

   It protects you from fire.
   It protects you from cold.
   It insulates you from electricity.
   It protects you from poison.
   It protects you from negative energy.
   It affects your resistance to hostile enchantments.
   It protects you from acid and corrosion.
   It protects you from mutation.
 K - a +8 large shield of reflection (worn)
Jewellery
 x - the amulet of Desertification (around neck) {Reflect rC+ Str+4 SH+4}
   (You found it on level 8 of a ziggurat)

   [amulet of reflection]

   It shields you and reflects attacks.
   It affects your strength (+4).
   It protects you from cold.
   It affects your SH (+4).
 D - the ring "Tolere" (left hand) {rF+ AC+5}
   (You found it on level 7 of Tartarus)

   [ring of protection]

   It affects your AC (+5).
   It protects you from fire.
 I - the ring "Hyttysh" {SustAt rF++}
   (You found it on level 3 of the Tomb of the Ancients)

   [ring of sustain attributes]

   It sustains your strength, intelligence and dexterity.
   It greatly protects you from fire.
 J - the ring of Shadows {Umbra +Inv rN+ SInv}
   (You found it on level 3 of the Elven Halls)

   [ring of positive energy]

   It protects you from negative energy.
   It lets you see invisible.
   It lets you turn invisible.
 Z - the ring "Noroist" (right hand) {MP+9 Int+3 Dex+3}
   (You took it off a tengu warrior on level 15 of the Dungeon)

   [ring of dexterity]

   It affects your intelligence (+3).
   It affects your dexterity (+3).
   It affects your magic capacity (+9).
Wands
 l - a wand of heal wounds (6/9)
 z - a wand of fireball (2/15)
 E - a wand of digging (0/24)
 N - a wand of disintegration (6/24)
 S - a wand of digging (13/24)
Scrolls
 a - 4 scrolls of enchant weapon
 i - 6 scrolls of identify
 o - 42 scrolls of remove curse
 t - 7 scrolls of teleportation
 w - 3 scrolls of enchant armour
 y - 9 scrolls of fear
 F - 12 scrolls of fog
 H - a scroll of recharging
 O - 7 scrolls of silence
 T - 4 scrolls of blinking
Potions
 c - 6 potions of cancellation
 d - 3 potions of might
 g - 5 potions of brilliance
 h - 13 potions of cure mutation
 m - 5 potions of magic
 v - a potion of flight
 B - 22 potions of curing
 L - 13 potions of agility
 M - 3 potions of resistance
 U - 5 potions of haste
Miscellaneous
 k - a legendary deck of wonders {drawn: 3}
 G - a legendary deck of escape {drawn: 4}
 Q - a figurine of a ziggurat
Comestibles
 b - 23 meat rations
 f - 30 bread rations
 j - 10 royal jellies
 u - 32 fruits
 A - 14 beef jerkies


   Skills:
 O Level 27 Fighting
 O Level 27 Maces & Flails
 + Level 12.1 Throwing
 O Level 27 Armour
 O Level 27 Dodging
 O Level 27 Shields
 O Level 27 Invocations
 O Level 27 Evocations


You had 26 spell levels left.
You didn't know any spells.

Dungeon Overview and Level Annotations

Branches:
Dungeon (15/15)            Temple (1/1) D:4            Lair (8/8) D:9
  Swamp (4/4) Lair:5       Spider (4/4) Lair:5        Slime (6/6) Lair:8
    Orc (2/2) D:9             Elf (3/3) Orc:2        Vaults (5/5) D:14
  Crypt (3/3) Vaults:3       Tomb (3/3) Crypt:3      Depths (5/5) D:15
   Hell (1/1)                 Dis (7/7) Hell            Geh (7/7) Hell
    Coc (7/7) Hell            Tar (7/7) Hell            Zot (5/5) Depths:5

Altars:
Ashenzari
Cheibriados
Elyvilon
Fedhas
Kikubaaqudgha
Makhleb
Nemelex Xobeh
Okawaru
Pakellas
Qazlal
Ru
Sif Muna
Trog
Vehumet
Xom
Yredelemnul
The Shining One
Beogh
Jiyva

Shops:
D:10 ?   Orc:2 (*   Vaults:2 *   Depths:5 *

Portals:
Hell: Depths:1 Depths:2 Depths:3 Depths:4 Depths:5
Abyss: Depths:4
Pandemonium: Depths:2 Depths:3

Annotations:
Elf:2 1 runed door


Innate Abilities, Weirdness & Mutations

You reflexively headbutt those who attack you in melee.
You have a pair of horns on your head.
You are partially covered in slimy green scales (AC +2).
You can translocate small distances at will.
You regenerate.
Your spells are a little easier to cast, but a little less powerful.


Message History

Press: ? - help, Shift-Dir - straight line The rock shatters into small pieces.
This wand has 13 charges left.
There is a stone staircase leading down here.
There is a staircase leading out of the dungeon here.
Your armour of the Dragon King prevents you from hitting the ice devil.
Your headbutt misses the ice devil. You thrash the ice devil!!
The ice devil convulses!
You kill the ice devil!
The Shining One accepts your kill. You block the red devil's attack.
The red devil hits you but does no damage.
There is a stone staircase leading down here.
You punish the red devil, causing immense pain!!!
You kill the red devil!
The Shining One accepts your kill.
You see here a trident.
You see here a trident.
There is a stone staircase leading down here.
There is a staircase leading out of the dungeon here.
You have escaped!

###.....#....#.#.............#...
###.###........##.....#.....##...
....##..........#.##..##.#####...
.#####...............)...........
.# #.................#######...
## #.....#.###.####..## #...
###.###.#...#).......# ####
####...# #...#.#>...§#..##
.......# #..#..#@..§§#...########
.......# #.....#....§§.....#.....
.......# #.#..##.####..>.........
.......# #...###.# #.###........
.......# #..## ### #...#.#......
######## #..# ###.......... #
#### ###.#...... # #....#### #
##...#


There were no monsters in sight!

Vanquished Creatures
  Cerebov (Pan)
  Asmodeus (Geh:7)
  Antaeus (Coc:7)
  the Royal Jelly (Slime:6)
  Ereshkigal (Tar:7)
  Gloorx Vloq (Pan)
  the Serpent of Hell (Tar:7)
  A seraph (Pan)
  Mnoleg (Pan)
  Lom Lobon (Pan)
  Khufu (Tomb:3)
  Dispater (Dis:7)
  8 ancient liches
  3 orbs of fire (Zot:5)
  Mennas (Pan)
  3 juggernauts (Zig:17)
  27 greater mummies
  Boris (Tomb:1)
  Sojobo (Crypt:3)
  6 iron giants
  2 shard shrikes (Zig:10)
  Saint Roka (Crypt:2)
  2 curse toes (Zot:5)
  9 Killer Klowns
  2 profane servitors
  Geryon (Hell)
  6 golden dragons
  A golden dragon (shapeshifter) (Zig:19)
  2 pearl dragons (Pan)
  10 doom hounds
  18 bone dragons
  18 pandemonium lords
  13 liches
  20 Brimstone Fiends
  6 tentacled monstrosities
  8 Hell Sentinels
  17 Ice Fiends
  2 hellephants
  Rupert (D:12)
  2 titans (Zig:17)
  3 quicksilver dragons (Dis:7)
  A deep elf master archer (Zig:15)
  22 Orb Guardians (Zot:5)
  A deep elf blademaster (Zig:15)
  22 Shadow Fiends
  Murray (Hell)
  6 tentacled starspawn
  Frances (D:12)
  21 Executioners
  6 death cobs
  An eldritch tentacle (Pan)
  8 sphinxes
  18 acid blobs
  8 ancient champions
  5 storm dragons
  5 tengu reavers
  A thorn hunter (Swamp:4)
  17 shadow dragons
  11 daevas (Pan)
  17 fire giants
  6 revenants
  2 fire giants (shapeshifter) (Zig:19)
  21 azure jellies
  6 iron dragons
  A draconian knight (Zig:10)
  3 draconian scorchers
  2 deep elf sorcerers (Depths:4)
  Donald (Elf:2)
  5 ghost moths
  16 ghouls
  6 warmongers (Pan)
  11 frost giants
  42 balrugs
  70 slime creatures
  12 cacodemons (Pan)
  6 draconian zealots
  7 vault wardens
  4 curse skulls
  57 reapers
  2 emperor scorpions
  7 ironheart preservers
  15 angels (Pan)
  A deep elf elementalist (Elf:3)
  A draconian shifter (Zot:4)
  3 blood saints (Pan)
  27 war gargoyles
  9 very ugly things
  9 ophanim (Pan)
  26 stone giants
  23 apis (Pan)
  6 salamander stormcallers
  2 elemental wellsprings (Coc:7)
  25 vampire knights
  3 corrupters (Pan)
  12 deep elf demonologists
  A draconian caller (Depths:5)
  A green draconian (Zot:4)
  A juggernaut skeleton (Zig:16)
  10 bennus
  14 lorocyprocas
  7 black suns (Pan)
  A black draconian (Zot:3)
  6 chaos champions (Pan)
  2 red draconians
  2 yellow draconians (Zot:4)
  3 deep elf annihilators (Elf:3)
  6 white draconians
  A dire elephant (Hell)
  A mottled draconian (Zot:4)
  A purple draconian (Tomb:1)
  An ettin (shapeshifter) (Vaults:5)
  23 blizzard demons
  8 eidola
  6 ettins
  11 death oozes (Slime:6)
  22 mummy priests
  20 green deaths
  7 vault guards
  2 merfolk impalers
  6 quicksilver dragon zombies
  7 fire dragons
  7 deep elf death magi
  5 yaktaur captains
  3 kraken zombies
  A great orb of eyes (shapeshifter) (Zig:19)
  3 deep elf high priests
  2 quicksilver dragon skeletons
  4 rakshasas
  An entropy weaver (Depths:5)
  22 ice dragons
  11 great orbs of eyes
  9 jiangshi
  9 hydras
  2 alligator snapping turtles (Zig:11)
  A catoblepas (Lair:8)
  2 death knights (Crypt:1)
  2 merfolk aquamancers (Zig:11)
  6 monstrous demonspawn (Pan)
  4 hell beasts
  7 centaur warriors
  26 dancing weapons
  A deep troll shaman (Vaults:4)
  8 death yaks (Lair:8)
  4 deep troll earth magi
  6 titan zombies
  4 tengu warriors
  A queen ant (Lair:1)
  7 thrashing horrors
  14 vampire magi
  7 spriggan berserkers
  7 ogre magi
  A hell hog (shapeshifter) (Zig:7)
  2 titan skeletons
  3 orc high priests (Orc:2)
  9 deep elf knights
  24 hell hogs
  33 soul eaters
  Nergalle (D:12)
  28 shadow wraiths
  16 iron golems
  11 iron trolls (Dis:7)
  4 storm dragon zombies
  85 sun demons
  123 skeletal warriors
  8 wretched stars
  3 spatial maelstroms
  5 golden dragon zombies
  2 fire crabs
  29 hell knights
  29 shadow demons
  43 death scarabs
  A giant orange brain (Abyss:1)
  11 anaconda zombies
  6 cherubim (Pan)
  A sea snake (Zig:11)
  3 infernal demonspawn
  A death drake (Tar:2)
  A storm dragon skeleton (Zig:16)
  A giant orange brain (shapeshifter) (Elf:2)
  8 torturous demonspawn (Pan)
  A deep troll (shapeshifter) (Zig:19)
  13 orc knights
  2 ghost moth zombies
  9 deep elf archers
  15 gelid demonspawn (Pan)
  6 putrid demonspawn (Pan)
  5 unseen horrors
  6 hill giants
  37 anubis guards
  8 golden dragon skeletons
  34 phantasmal warriors
  4 shadow dragon zombies
  A shambling mangrove (Swamp:3)
  7 harpies
  5 deep trolls
  14 flayed ghosts
  8 cyclopes
  8 ironbrand convokers
  6 iron dragon zombies
  2 sphinx zombies (Zig:16)
  35 deep elf magi
  8 anaconda skeletons
  3 orb spiders
  13 wolf spiders
  An oklob plant (Zig:12)
  4 wolf spider zombies
  4 fire giant zombies
  5 frost giant zombies
  15 necromancers
  A wolf spider (shapeshifter) (Zig:19)
  5 shadow dragon skeletons
  A cyclops (shapeshifter) (Vaults:4)
  3 hornets
  A water nymph (Zig:11)
  5 griffons
  4 wizards
  5 orc sorcerers
  6 shining eyes
  29 sixfirhies (Pan)
  22 ugly things
  5 stone giant zombies
  5 manticores
  3 human skeletons
  3 stone giant skeletons
  5 frost giant skeletons
  A worldbinder (Abyss:1)
  5 iron dragon skeletons
  10 salamanders
  15 moths of wrath
  2 dire elephant zombies (Dis:7)
  10 elephants
  5 fire giant skeletons
  32 rust devils
  4 eyes of devastation
  A black mamba (Lair:4)
  2 drowned souls (Abyss:5)
  18 orange demons
  A spriggan zombie (Zig:16)
  4 apocalypse crabs
  Maurice (D:8)
  A molten gargoyle (Geh:7)
  4 ice statues
  3 dire elephant skeletons
  13 spiny frogs
  5 vault sentinels
  52 smoke demons
  A gargoyle (D:14)
  A spectral redback (Spider:4)
  3 catoblepas zombies
  27 hellions
  2 shock serpent skeletons
  13 efreet
  A sea snake zombie (Crypt:2)
  4 komodo dragons
  3 emperor scorpion zombies
  31 tormentors
  A yaktaur (shapeshifter) (Zig:15)
  3 fire drakes
  3 kobold demonologists
  21 demonic crawlers
  34 ice devils
  2 tengu conjurers (Depths:1)
  2 elf skeletons (Zig:16)
  A komodo dragon (shapeshifter) (Vaults:5)
  28 yaktaurs
  47 guardian mummies
  12 merfolk (Zig:11)
  A death yak skeleton (Crypt:2)
  11 ancient zymes
  2 catoblepas skeletons
  A green draconian skeleton (Crypt:3)
  28 hellwings (Pan)
  2 merfolk (shapeshifter) (Zig:19)
  3 silent spectres
  2 queen bees (shapeshifter)
  48 red devils
  9 hydra zombies
  34 freezing wraiths
  2 harpy zombies
  13 trolls
  A purple draconian skeleton (Crypt:1)
  14 two-headed ogres
  3 polar bears
  8 jumping spiders
  3 harpy skeletons
  A spectral jumping spider (Spider:4)
  2 spectral tarantellas (Spider:4)
  A blink frog (shapeshifter) (Abyss:1)
  A giant leech (Swamp:2)
  A boulder beetle (shapeshifter) (Zig:19)
  4 hydra skeletons
  3 boulder beetles
  A spectral hornet (Spider:4)
  7 alligator zombies
  9 blink frogs
  12 bog bodies
  A jumping spider zombie (Spider:4)
  3 snapping turtles (Zig:11)
  7 raiju
  An ice dragon zombie (Dis:7)
  7 ushabtiu
  3 fire dragon zombies
  7 ettin zombies
  5 ugly thing skeletons
  99 flying skulls
  Sigmund (D:4)
  A deep troll skeleton (Vaults:2)
  3 fire dragon skeletons
  8 air elementals
  15 tarantellas
  18 shadows
  A spriggan simulacrum (Zig:18)
  42 large abominations
  2 wyverns
  7 ettin skeletons
  8 vampires
  23 ynoxinuls
  2 black mamba zombies
  3 alligator skeletons
  36 redbacks
  61 yaks
  5 ice dragon skeletons
  2 spriggans (Depths:5)
  15 water elementals
  3 black mamba skeletons
  A human (shapeshifter) (Zig:19)
  41 wraiths
  A fire bat (Zig:18)
  A human (D:7)
  23 golden eyes
  17 chaos spawn
  4 hungry ghosts
  2 basilisks
  17 fire elementals
  14 small abominations
  A hill giant skeleton (Crypt:2)
  34 neqoxecs
  13 vampire mosquitoes
  9 wolves
  8 hippogriffs
  A wolf (shapeshifter) (Zig:19)
  4 swamp worms
  An insubstantial wisp (Swamp:3)
  7 wargs
  13 soldier ants (Lair:1)
  68 hell hounds
  12 water moccasins
  A hydra simulacrum (Hell)
  The ghost of kirsanium the Magician, an amateur DEFE (D:3)
  5 spiny frog zombies
  4 swamp drakes
  56 orc warriors
  9 porcupines
  3 ice beasts
  An elephant zombie (Crypt:3)
  8 wasps
  3 black bears
  A manticore zombie (Tar:6)
  5 phantoms
  2 spiny frog skeletons
  An ettin simulacrum (Coc:7)
  9 eyes of draining
  3 swamp dragon zombies
  4 sky beasts
  21 necrophages
  38 ogres
  4 snapping turtle zombies
  12 centaurs
  2 snapping turtle skeletons
  2 swamp dragon skeletons
  4 elf zombies
  9 crocodiles
  4 big kobolds
  A wyvern zombie (D:15)
  14 giant frogs
  A yaktaur skeleton (Depths:2)
  A gnoll sergeant (D:7)
  A spiny frog simulacrum (Coc:6)
  4 earth elementals
  24 jellies
  A troll zombie (Dis:5)
  3 scorpions
  6 killer bees (D:10)
  5 spriggan skeletons
  A troll skeleton (Crypt:3)
  53 wights
  A yak skeleton (D:11)
  An electric eel (Lair:5)
  9 crimson imps
  3 centaur zombies
  3 giant frog zombies
  26 starcursed masses
  5 hounds
  5 quasits
  22 orc priests
  19 orc wizards
  9 centaur skeletons
  7 human zombies
  20 iron imps
  A soldier ant zombie (Lair:1)
  24 worker ants
  10 iguanas
  A hell rat (Geh:7)
  A porcupine skeleton (Lair:1)
  29 sheep
  A dwarf zombie (Crypt:2)
  A sky beast zombie (Crypt:3)
  2 tengu zombies
  A felid zombie (Crypt:2)
  A deep dwarf skeleton (Crypt:1)
  55 mummies
  2 hound skeletons
  17 gnolls
  31 river rats
  13 adders
  A steam dragon skeleton (Crypt:1)
  13 shadow imps
  12 white imps
  5 ufetubi
  An ooze (D:2)
  A sheep zombie (Crypt:2)
  A halfling skeleton (Crypt:2)
  2 worms (D:3)
  2 ball lightnings (Pan)
  2 giant geckos
  120 orcs
  13 bats
  7 giant cockroaches
  14 goblins
  9 hobgoblins
  10 jackals
  4 quokkas
  2 ball pythons
  6 giant newts
  A hobgoblin zombie (Crypt:2)
  25 kobolds
  An orc simulacrum (Coc:5)
  3 orc skeletons
  8 rats
  A briar patch (Swamp:4)
  4 crawling corpses
  6 fire vortices
  A plant (Lair:7)
  3 starspawn tentacles (Zig:18)
  3 starspawn tentacle segments (Zig:18)
  2 tentacles (Coc:1)
  A tentacle segment (Hell)
4325 creatures vanquished.

Vanquished Creatures (collateral kills)
  the Lernaean hydra (Swamp:4)
  Frederick (Vaults:2)
  Boris (Depths:3)
  2 iron giants (Depths:4)
  2 caustic shrikes (Depths:4)
  A golden dragon (Vaults:5)
  Arachne (Spider:3)
  3 tentacled monstrosities
  3 liches
  6 titans (Vaults:5)
  Asterion (Spider:3)
  2 deep elf master archers (Elf:3)
  2 deep elf blademasters (Elf:3)
  An acid blob (Slime:3)
  Agnes (Elf:1)
  7 sphinxes
  3 storm dragons
  2 thorn hunters
  3 shadow dragons (Vaults:5)
  Kirke (Spider:3)
  2 tengu reavers
  7 daevas (Pan)
  An azure jelly (Slime:5)
  6 fire giants
  A draconian scorcher (Depths:5)
  3 emperor scorpions
  2 iron dragons
  Maud (D:12)
  14 vault wardens
  4 ghost moths
  9 frost giants
  3 deep elf sorcerers
  2 balrugs
  Louise (Swamp:2)
  A cacodemon (Pan)
  A caustic shrike zombie (Depths:1)
  A ghoul (Crypt:2)
  5 angels (Pan)
  The ghost of krfreak the Grand Gadgeteer, an adept SpAr of Pakellas (D:15)
  4 deep elf elementalists
  A spriggan defender (Depths:3)
  10 very ugly things
  A draconian caller (Depths:5)
  10 ironheart preservers
  2 juggernaut skeletons
  A war gargoyle (Vaults:5)
  2 apis (Pan)
  4 vampire knights
  A deep elf demonologist (Elf:3)
  2 green draconians (Depths:5)
  12 stone giants
  Nessos (Lair:6)
  A dire elephant (shapeshifter) (Depths:5)
  4 deep elf annihilators
  2 red draconians (Depths:5)
  A mottled draconian (Depths:5)
  A spark wasp (Spider:2)
  Snorg (D:11)
  A white draconian (Depths:5)
  6 deep elf death magi
  The ghost of zoolka the Basher, a journeyman MiFi of Qazlal (Lair:3)
  13 ettins
  A merfolk javelineer (Depths:2)
  2 blizzard demons
  2 crystal guardians (Vaults:4)
  2 green deaths (Swamp:4)
  27 vault guards
  8 fire dragons
  2 ice dragons
  2 deep elf high priests (Elf:3)
  6 yaktaur captains
  7 great orbs of eyes
  A hell beast (Depths:2)
  12 hydras
  4 rakshasas
  7 entropy weavers
  11 centaur warriors
  A ghost crab (Swamp:2)
  2 spriggan air magi
  10 ogre magi
  2 death knights (Vaults:5)
  4 vampire magi
  3 catoblepae
  5 alligators
  19 dancing weapons
  2 death yaks (Lair:8)
  7 deep troll shamans
  An orc high priest (Orc:2)
  Urug (D:14)
  3 deep troll earth magi
  3 tengu warriors
  2 thrashing horrors (Swamp:4)
  2 spriggan berserkers
  A hell hog (Depths:3)
  A shock serpent (shapeshifter) (Vaults:5)
  10 deep elf knights
  2 sun demons (Pan)
  9 skeletal warriors
  4 iron trolls
  3 cherubim (Pan)
  6 hell knights (Depths:5)
  Sonja (D:12)
  7 death scarabs (Spider:4)
  4 unseen horrors
  2 shadow wraiths
  A spectral emperor scorpion (Spider:4)
  2 flayed ghosts (Vaults:5)
  18 swamp dragons
  5 shambling mangroves
  A putrid demonspawn (Pan)
  19 deep trolls
  A spriggan druid (Swamp:4)
  9 ironbrand convokers
  3 hill giants
  A swamp dragon (shapeshifter) (Vaults:3)
  A spectral wolf spider (Spider:4)
  2 wizards
  8 deep elf archers
  5 phantasmal warriors
  3 harpies (Depths:3)
  5 necromancers
  4 orc knights
  A shining eye (Slime:5)
  3 wolf spider zombies
  26 ugly things
  A mana viper (shapeshifter) (Vaults:5)
  2 orc sorcerers
  13 orb spiders
  23 deep elf magi
  9 hornets
  20 wolf spiders
  6 griffons
  A large abomination (Swamp:4)
  2 hornets (shapeshifter)
  3 manticores
  A fire giant zombie (Depths:1)
  A wolf spider (shapeshifter) (Depths:4)
  A frost giant skeleton (Vaults:2)
  A shining eye (shapeshifter) (Depths:3)
  5 elephants (Lair:8)
  4 moths of wrath
  A centaur zombie (D:13)
  An octopode (shapeshifter) (Depths:1)
  A smoke demon (Depths:2)
  3 orange demons (Swamp:4)
  7 spiny frogs
  2 stone giant skeletons
  9 vault sentinels
  A fire giant skeleton (Depths:3)
  5 kobold demonologists
  3 centaur skeletons (D:14)
  10 demonic crawlers
  An efreet (D:14)
  44 yaktaurs
  A hellion (Pan)
  2 spark wasp simulacra (Depths:1)
  2 spectral redbacks (Spider:4)
  2 komodo dragons
  An ice devil (Zig:10)
  3 redback zombies (Spider:4)
  A fire drake (shapeshifter) (D:14)
  A hydra zombie (Geh:7)
  2 tengu conjurers
  4 freezing wraiths
  A red devil (Pan)
  A spriggan skeleton (Depths:1)
  A jumping spider (shapeshifter) (Depths:5)
  A merfolk (shapeshifter) (Vaults:5)
  3 spectral tarantellas (Spider:4)
  21 jumping spiders
  A two-headed ogre (shapeshifter) (Vaults:1)
  2 spectral jumping spiders (Spider:4)
  A troll (Vaults:1)
  3 boulder beetles
  6 two-headed ogres
  A polar bear (Lair:4)
  A tarantella zombie (Spider:4)
  34 slime creatures
  5 blink frogs
  9 bog bodies
  3 spectral hornets (Spider:4)
  A hornet zombie (Spider:4)
  A jumping spider zombie (Spider:4)
  2 giant leeches
  A raiju (shapeshifter) (Vaults:1)
  A harpy skeleton (D:14)
  A fire giant simulacrum (Depths:1)
  3 small abominations
  A human simulacrum (Vaults:2)
  4 shadows
  An ettin skeleton (Depths:1)
  61 redbacks
  7 air elementals
  A spriggan (Swamp:4)
  2 wraiths (Vaults:5)
  7 vampires
  A ynoxinul (Depths:2)
  3 wyverns
  20 yaks
  22 tarantellas
  5 water elementals
  5 hogs (Spider:3)
  2 fire bats (Depths:1)
  A hippogriff (Lair:3)
  A golden eye (Slime:6)
  2 hungry ghosts
  5 wolves
  9 vampire mosquitoes
  10 insubstantial wisps
  A spiny frog zombie (Coc:7)
  A mottled dragon (Vaults:2)
  A warg (Vaults:3)
  7 soldier ants (Lair:1)
  19 swamp worms
  4 hell hounds
  A water moccasin (Lair:6)
  A deep troll skeleton (Vaults:2)
  A porcupine (shapeshifter) (Vaults:2)
  A hornet simulacrum (D:15)
  9 porcupines
  5 swamp drakes
  12 orc warriors
  16 wasps
  2 black bears
  4 boggarts (Vaults:1)
  41 ogres
  12 centaurs
  2 eyes of draining (D:15)
  A crocodile (D:12)
  7 big kobolds
  7 human zombies
  3 giant frogs
  A wyvern skeleton (D:13)
  3 scorpions
  An orc simulacrum (Vaults:2)
  2 wights (D:12)
  6 crimson imps
  A lava snake (Lair:1)
  A quasit (D:15)
  A hound (D:8)
  2 jellies
  12 orc priests
  3 orc wizards
  A hell rat (Depths:2)
  3 worker ants (Lair:1)
  14 sheep
  A worker ant zombie (D:10)
  An adder (D:12)
  5 gnolls
  28 river rats
  2 shadow imps
  A giant gecko (D:7)
  40 orcs
  4 bats (Depths:2)
  14 kobolds
  3 rats (Depths:2)
  10 briar patches (Swamp:4)
  7 crawling corpses
  33 fungi
  21 plants
1373 creatures vanquished.

Vanquished Creatures (others)
  2 ancient liches
  A greater mummy (Tomb:2)
  A pandemonium lord (Pan)
  6 profane servitors
  2 bone dragons
  5 eldritch tentacles
  A shadow dragon (Zig:13)
  2 fire giants
  A draconian scorcher (Zot:1)
  A ghost moth (Zig:12)
  A spectral juggernaut (Vaults:5)
  A vault warden (Zig:13)
  6 ghouls
  2 draconian zealots
  A stone giant (Dis:5)
  9 vampire knights
  An elemental wellspring (Coc:7)
  A yellow draconian (Zot:4)
  A green death (Pan)
  A very ugly thing zombie (Depths:2)
  2 blizzard demons (Zig:10)
  A deep elf high priest (Depths:5)
  A yaktaur captain (Zig:13)
  A very ugly thing skeleton (Depths:2)
  A centaur warrior (D:14)
  A spectral orc (Orc:2)
  An ogre mage (Vaults:1)
  A demigod zombie (Vaults:2)
  A spectral elephant slug (Spider:2)
  A shadow wraith (Zig:13)
  7 death scarabs
  9 skeletal warriors
  A salamander mystic (Geh:4)
  An anaconda zombie (Tomb:3)
  12 flayed ghosts
  An anaconda skeleton (Tomb:2)
  A tengu zombie (Vaults:5)
  5 phantasmal warriors
  A shadow dragon zombie (Vaults:5)
  3 wizards (Pan)
  A deep elf archer (Zig:15)
  4 wolf spider zombies
  A deep elf mage (Coc:7)
  2 frost giant zombies (Depths:2)
  An ugly thing (Depths:5)
  A cyclops (shapeshifter) (D:15)
  A sixfirhy (Pan)
  2 smoke demons (Pan)
  2 death yak zombies (Lair:8)
  3 yaktaurs (Depths:2)
  3 redback zombies
  3 hellwings (Pan)
  2 ghoul skeletons
  A harpy zombie (Depths:3)
  A bog body (Coc:7)
  A shadow dragon simulacrum (Tomb:2)
  An ettin zombie (Vaults:5)
  A fire dragon zombie (Depths:5)
  A tarantella zombie (Spider:1)
  A minotaur skeleton (Geh:7)
  2 hornet zombies
  A jumping spider zombie (Spider:4)
  A wraith (D:13)
  An air elemental (Zig:9)
  8 flying skulls
  2 redbacks
  A ynoxinul (Zig:18)
  A water elemental (Coc:7)
  A shadow (Dis:3)
  12 vampires
  An ice dragon skeleton (Tomb:2)
  A giant leech zombie (Swamp:4)
  3 human zombies
  6 deep troll zombies
  3 spiny frog zombies
  2 hell hounds
  A swamp dragon zombie (Swamp:4)
  16 elf zombies
  3 elephant zombies (Lair:8)
  4 blink frog zombies (Lair:4)
  A manticore skeleton (Tomb:2)
  A manticore zombie (D:15)
  A hog zombie (Spider:3)
  4 vampire mosquito zombies
  A komodo dragon zombie (Lair:8)
  5 yaktaur zombies
  A big kobold (D:14)
  A cyclops zombie (D:12)
  4 water moccasin zombies
  2 earth elementals (Zig:15)
  A human skeleton (Vaults:1)
  An elf skeleton (Tomb:3)
  A hippogriff zombie (Lair:4)
  A cyclops skeleton (D:14)
  3 troll zombies
  7 yak zombies
  A wolf zombie (Lair:8)
  A wight (Lair:8)
  2 wasp zombies (Swamp:4)
  3 centaur zombies
  A black bear zombie (D:9)
  7 soldier ant zombies (Lair:1)
  2 two-headed ogre zombies
  A porcupine zombie (Depths:2)
  A porcupine skeleton (Lair:3)
  A sheep (Lair:5)
  3 big kobold zombies
  17 ogre zombies
  A crocodile skeleton (Lair:3)
  A necrophage skeleton (D:14)
  A hound zombie (D:8)
  9 mummies
  4 worker ant zombies
  A swamp drake zombie (Swamp:2)
  2 iguana zombies
  44 orc zombies
  4 sheep zombies
  16 ball lightnings (Pan)
  An orc (Vaults:4)
  A bat (Depths:2)
  A bat zombie (Depths:2)
  A kobold (D:14)
  6 kobold zombies
  3 orc skeletons
  A rat zombie (Depths:2)
  14 river rat zombies
  3 blocks of ice (Pan)
  A crawling corpse (Elf:3)
  443 eldritch tentacle segments
  7 fungi
  5 lost souls
  3 plants (Zig:12)
  14 starspawn tentacles
  78 starspawn tentacle segments
  16 tentacles
  325 tentacle segments
1282 creatures vanquished.

Grand Total: 6980 creatures vanquished

Notes
Turn   | Place    | Note
--------------------------------------------------------------
     0 | D:1      | zoolka the Minotaur Fighter began the quest for the Orb.
     0 | D:1      | Reached XP level 1. HP: 19/19 MP: 0/0
    70 | D:1      | Reached XP level 2. HP: 21/27 MP: 1/1
   154 | D:1      | Reached skill level 4 in Fighting
   417 | D:2      | Reached XP level 3. HP: 33/33 MP: 2/2
   665 | D:2      | Reached XP level 4. HP: 27/40 MP: 3/3
   918 | D:2      | Found an ancient bone altar of Kikubaaqudgha.
  1153 | D:3      | Reached XP level 5. HP: 16/47 MP: 4/4
  1901 | D:3      | Noticed kirsanium's ghost (amateur DEFE)
  2595 | D:4      | Noticed Sigmund
  2789 | D:4      | Reached skill level 5 in Fighting
  2789 | D:4      | Reached skill level 5 in Maces & Flails
  2829 | D:4      | Killed Sigmund
  2829 | D:4      | Reached skill level 5 in Armour
  2829 | D:4      | Reached XP level 6. HP: 56/56 MP: 5/5
  2934 | D:4      | Reached skill level 5 in Shields
  2982 | D:4      | Reached skill level 6 in Maces & Flails
  2982 | D:4      | Reached XP level 7. HP: 61/61 MP: 6/6
  3161 | D:4      | Found a staircase to the Ecumenical Temple.
  3415 | Temple   | Entered the Ecumenical Temple
  3437 | Temple   | Became a worshipper of Yredelemnul the Dark
  3499 | D:5      | Entered Level 5 of the Dungeon
  3821 | D:5      | Found a stormy altar of Qazlal.
  4089 | D:6      | Found a sparkling altar of Nemelex Xobeh.
  4103 | D:6      | Reached skill level 7 in Maces & Flails
  4167 | D:6      | Found a deep blue altar of Sif Muna.
  4395 | D:6      | Found a sacrificial altar of Ru.
  4627 | D:6      | Reached XP level 8. HP: 62/70 MP: 7/7
  4699 | D:7      | Reached skill level 8 in Maces & Flails
  4762 | D:7      | Reached * piety under Yredelemnul
  4885 | D:7      | Found an iron altar of Okawaru.
  4962 | D:7      | Reached skill level 1 in Invocations
  5159 | D:7      | Gained mutation: Your body sometimes deteriorates upon taking damage. [mutagenic meat]
  5160 | D:7      | Gained mutation: You are partially covered in yellow scales (AC +2). [mutagenic meat]
  5161 | D:7      | Gained mutation: You are agile. (Dex +2) [mutagenic meat]
  5162 | D:7      | Gained mutation: Your body often deteriorates upon taking damage. [mutagenic meat]
  5163 | D:7      | Gained mutation: You occasionally shout uncontrollably at your foes. [mutagenic meat]
  5273 | D:7      | Reached skill level 9 in Maces & Flails
  5278 | D:7      | Reached XP level 9. HP: 70/79 MP: 9/9
  5412 | D:8      | Noticed Maurice
  5526 | D:8      | Killed Maurice
  5532 | D:8      | Gained mutation: You expend magic power (3 MP) to strengthen your wands. [mutagenic meat]
  5533 | D:8      | Gained mutation: You are partially covered in slimy green scales (AC +2). [mutagenic meat]
  5659 | D:8      | Reached ** piety under Yredelemnul
  5675 | D:8      | Gained mutation: You sometimes yell uncontrollably at your foes. [mutagenic meat]
  5720 | D:8      | Reached skill level 10 in Maces & Flails
  5731 | D:8      | Found a burning altar of Makhleb.
  5733 | D:8      | Found a shimmering altar of Xom.
  5952 | D:9      | Found a staircase to the Orcish Mines.
  6088 | D:9      | Found a bloodstained altar of Trog.
  6135 | D:9      | Killed an unseen horror
  6135 | D:9      | Reached XP level 10. HP: 44/88 MP: 11/11
  6412 | D:9      | Reached skill level 11 in Maces & Flails
  6739 | D:9      | Noticed a hill giant
  6752 | D:9      | Killed a hill giant
  6784 | D:9      | Found a staircase to the Lair.
  7002 | Lair:1   | Entered Level 1 of the Lair of Beasts
  7070 | Lair:1   | Noticed a spiny frog
  7075 | Lair:1   | Found a blossoming altar of Fedhas.
  7397 | Lair:1   | Reached skill level 5 in Invocations
  7400 | Lair:1   | Reached *** piety under Yredelemnul
  7595 | Lair:1   | Noticed a queen ant
  7610 | Lair:1   | Reached skill level 12 in Maces & Flails
  7646 | Lair:1   | Killed a queen ant
  7711 | Lair:1   | Reached XP level 11. HP: 11/97 MP: 14/14
  8448 | Lair:1   | Reached **** piety under Yredelemnul
  8501 | Lair:1   | Received a gift from Yredelemnul
  8946 | Lair:2   | Reached skill level 10 in Armour
  8962 | Lair:2   | Received a gift from Yredelemnul
  9002 | Lair:2   | Reached skill level 13 in Maces & Flails
  9010 | Lair:2   | You fall through a shaft!
  9620 | Lair:2   | Reached skill level 10 in Fighting
 10098 | Lair:2   | Reached skill level 10 in Shields
 10371 | Lair:3   | Received a gift from Yredelemnul
 10947 | Lair:3   | Noticed zoolka's ghost (journeyman MiFi)
 10962 | Lair:3   | Killed zoolka's ghost
 11072 | Lair:3   | Reached XP level 12. HP: 101/106 MP: 13/16
 11181 | Lair:4   | Noticed a six-headed hydra
 11261 | Lair:3   | Reached skill level 14 in Maces & Flails
 11570 | Lair:4   | Received a gift from Yredelemnul
 11602 | Lair:4   | Killed a six-headed hydra
 11699 | Lair:4   | Reached skill level 1 in Dodging
 11718 | Lair:4   | Noticed an eight-headed hydra
 11724 | Lair:4   | Killed an eight-headed hydra
 12369 | Lair:5   | Received a gift from Yredelemnul
 12409 | Lair:5   | Reached ***** piety under Yredelemnul
 12460 | Lair:5   | Found a hole to the Spider Nest.
 12529 | Lair:5   | Found a staircase to the Swamp.
 12929 | Lair:5   | Received a gift from Yredelemnul
 13105 | Lair:6   | Reached XP level 13. HP: 85/116 MP: 18/18
 13354 | Lair:6   | Noticed Nessos
 13375 | Lair:6   | Killed Nessos
 13775 | Lair:6   | Reached skill level 15 in Maces & Flails
 14678 | Lair:8   | Entered Level 8 of the Lair of Beasts
 14867 | Lair:8   | Received a gift from Yredelemnul
 14996 | Lair:8   | Found a staircase to the Slime Pits.
 15263 | Lair:8   | Reached skill level 5 in Dodging
 15780 | Lair:8   | Reached XP level 14. HP: 125/125 MP: 19/19
 15889 | Lair:8   | Got a pair of distressingly furry gloves
 15890 | Lair:8   | Identified the -6 pair of gloves of Devotion {rF- rN+ Int+9} (You found it on level 8 of the Lair of Beasts)
 16431 | Orc:1    | Entered Level 1 of the Orcish Mines
 16633 | Orc:2    | Entered Level 2 of the Orcish Mines
 16666 | Orc:2    | Received a gift from Yredelemnul
 17094 | Orc:2    | Reached ****** piety under Yredelemnul
 17387 | Orc:2    | Reached skill level 16 in Maces & Flails
 17590 | Orc:2    | Found a staircase to the Elven Halls.
 17823 | Orc:2    | Noticed an orc warlord
 17825 | Orc:2    | Found a roughly hewn altar of Beogh.
 17838 | Orc:2    | Received a gift from Yredelemnul
 17844 | Orc:2    | Reached skill level 15 in Armour
 17850 | Orc:2    | Killed an orc warlord
 17850 | Orc:2    | Enslaved an orc warlord
 17861 | Orc:2    | Received a gift from Yredelemnul
 18150 | Orc:2    | Found Konekh's Assorted Antiques.
 18271 | Orc:2    | Found Kyzonoi's General Store.
 18307 | Orc:2    | Bought a scroll of identify for 36 gold pieces
 18439 | Orc:2    | Found a roughly hewn altar of Beogh.
 18549 | Orc:2    | Received a gift from Yredelemnul
 18576 | Orc:2    | Found Doloix's Distillery.
 18607 | Orc:2    | Found Ybleqeka's Antique Weapon Shoppe.
 18625 | Orc:2    | Bought a crude mace for 240 gold pieces
 18625 | Orc:2    | Identified the +6 mace "Qiroc" {crush, Fragile rElec rF+ Stlth+} (You bought it in a shop on level 2 of the Orcish Mines)
 18897 | D:10     | Entered Level 10 of the Dungeon
 18897 | D:10     | Found Puptuo Sahi's Magic Scroll Emporium.
 18904 | D:10     | Bought a scroll of enchant armour for 75 gold pieces
 18904 | D:10     | Bought a scroll of identify for 20 gold pieces
 18904 | D:10     | Bought a scroll of silence for 75 gold pieces
 18904 | D:10     | Bought a scroll of recharging for 95 gold pieces
 18904 | D:10     | Bought a scroll of vulnerability for 75 gold pieces
 18904 | D:10     | Bought a scroll of identify for 20 gold pieces
 18904 | D:10     | Bought a scroll of magic mapping for 35 gold pieces
 18904 | D:10     | Bought a scroll of summoning for 95 gold pieces
 19124 | D:10     | Received a gift from Yredelemnul
 19182 | D:10     | Received a gift from Yredelemnul
 19412 | D:10     | Got a brightly glowing ivory amulet
 19413 | D:10     | Identified the amulet of the Firefly {Spirit rElec rPois Int+7 Dex-4} (You found it on level 10 of the Dungeon)
 19595 | D:11     | Received a gift from Yredelemnul
 19660 | D:11     | Noticed Snorg
 19664 | D:11     | Killed Snorg
 19734 | D:11     | Noticed Gastronok
 19743 | D:11     | Killed Gastronok
 19743 | D:11     | Enslaved Gastronok
 19787 | D:11     | Received a gift from Yredelemnul
 20403 | D:12     | Noticed Frances
 20415 | D:12     | Killed Frances
 20415 | D:12     | Received a gift from Yredelemnul
 20457 | D:12     | Noticed Rupert
 20482 | D:12     | Killed Rupert
 20500 | D:12     | Noticed Nergalle
 20509 | D:12     | Killed Nergalle
 20645 | D:12     | Reached XP level 15. HP: 134/134 MP: 21/21
 20719 | D:12     | Noticed Sonja
 20722 | D:12     | Noticed Maud
 20729 | D:12     | Killed Sonja
 20730 | D:12     | Received a gift from Yredelemnul
 20733 | D:12     | Killed Maud
 21282 | D:13     | Found a white marble altar of Elyvilon.
 21593 | D:14     | Noticed Urug
 21601 | D:14     | Killed Urug
 21672 | D:14     | Reached skill level 17 in Maces & Flails
 21691 | D:14     | Received a gift from Yredelemnul
 21722 | D:14     | Upgraded the game from 0.18-a0-1164-g7046a04 to 0.18-a0-1166-g6e2d2a0
 21758 | D:14     | Found a gate to the Vaults.
 21903 | D:14     | Received a gift from Yredelemnul
 22239 | D:14     | Received a gift from Yredelemnul
 22677 | D:15     | Entered Level 15 of the Dungeon
 22704 | D:15     | Found an ancient bone altar of Kikubaaqudgha.
 22781 | D:15     | Found a staircase to the Depths.
 22884 | D:15     | Received a gift from Yredelemnul
 23210 | D:15     | Reached skill level 10 in Invocations
 23217 | D:15     | Got a twitching brass ring
 23218 | D:15     | Identified the ring "Noroist" {MP+9 Int+3 Dex+3} (You took it off a tengu warrior on level 15 of the Dungeon)
 23229 | D:15     | Noticed krfreak's ghost (adept SpAr)
 23241 | D:15     | Killed krfreak's ghost
 23266 | D:15     | Received a gift from Yredelemnul
 23307 | D:15     | Gained mutation: Armour fits poorly on your strangely shaped body. [mutagenic meat]
 23309 | D:15     | Gained mutation: You are frail (-10% HP). [mutagenic meat]
 23598 | D:15     | Got an encrusted mace
 23599 | D:15     | Identified the +5 mace "Joumuq" {speed, rPois rN++ Int-4 Dex+4} (You found it on level 15 of the Dungeon)
 24007 | Lair:3   | Received a gift from Yredelemnul
 24073 | Swamp:1  | Entered Level 1 of the Swamp
 24089 | Swamp:1  | Reached skill level 18 in Armour
 24716 | Swamp:2  | Reached skill level 15 in Shields
 24776 | Swamp:2  | Noticed Louise
 24786 | Swamp:2  | Killed Louise
 24889 | Swamp:2  | Received a gift from Yredelemnul
 24993 | Swamp:2  | Reached XP level 16. HP: 124/128 MP: 22/22
 25455 | Swamp:3  | Received a gift from Yredelemnul
 25477 | Swamp:3  | Noticed a thorn hunter
 25485 | Swamp:3  | Killed a thorn hunter
 26161 | Swamp:4  | Entered Level 4 of the Swamp
 26218 | Swamp:4  | Received a gift from Yredelemnul
 26237 | Swamp:4  | Noticed a tentacled monstrosity
 26238 | Swamp:4  | Killed a tentacled monstrosity
 26463 | Swamp:4  | Noticed a thorn hunter
 26467 | Swamp:4  | Killed a thorn hunter
 26467 | Swamp:4  | Reached skill level 19 in Armour
 26485 | Swamp:4  | Noticed a thorn hunter
 26497 | Swamp:4  | Killed a thorn hunter
 26520 | Swamp:4  | Received a gift from Yredelemnul
 26949 | Swamp:4  | Noticed the 27-headed Lernaean hydra
 26955 | Swamp:4  | Killed the 27-headed Lernaean hydra
 26988 | Swamp:4  | Gained mutation: Your magical capacity is low (-10% MP). [mutagenic meat]
 27158 | Swamp:4  | Got a decaying rune of Zot
 27417 | Spider:1 | Entered Level 1 of the Spider Nest
 27424 | Spider:1 | Received a gift from Yredelemnul
 27628 | Spider:1 | Received a gift from Yredelemnul
 27973 | Spider:2 | Your ally Gastronok died
 27974 | Spider:2 | Received a gift from Yredelemnul
 27985 | Spider:2 | Received a gift from Yredelemnul
 28423 | Spider:3 | Noticed Kirke
 28430 | Spider:3 | Killed Kirke
 28526 | Spider:3 | Received a gift from Yredelemnul
 28641 | Spider:3 | Noticed Arachne
 28648 | Spider:3 | Killed Arachne
 28648 | Spider:3 | Reached XP level 17. HP: 123/135 MP: 21/21
 28734 | Spider:3 | Received a gift from Yredelemnul
 28756 | Spider:3 | Noticed Asterion
 28765 | Spider:3 | Killed Asterion
 28875 | Spider:3 | Reached skill level 10 in Dodging
 29025 | Spider:3 | Received a gift from Yredelemnul
 29241 | Spider:4 | Entered Level 4 of the Spider Nest
 29485 | Spider:4 | Received a gift from Yredelemnul
 29609 | Spider:4 | Reached skill level 20 in Armour
 29634 | Spider:4 | Received a gift from Yredelemnul
 29793 | Spider:4 | Got a gossamer rune of Zot
 30312 | Lair:2   | Identified 2 scrolls of acquirement
 30313 | Lair:2   | Lost mutation: Your magical capacity is low (-10% MP). [potion of mutation]
 30313 | Lair:2   | Lost mutation: Armour fits poorly on your strangely shaped body. [potion of mutation]
 30314 | Lair:2   | Lost mutation: You are agile. (Dex +2) [potion of mutation]
 30314 | Lair:2   | Gained mutation: Your muscles are strong. (Str +2) [potion of mutation]
 30316 | Lair:2   | Got a pair of transparent boots
 30328 | Lair:2   | Identified the +1 pair of boots "Gepew" {MR++ Int-2 Dex+3} (You acquired it on level 2 of the Lair of Beasts)
 30569 | Vaults:1 | Entered Level 1 of the Vaults
 30626 | Vaults:1 | Gained mutation: You are dopey. (Int -2) [mutagenic meat]
 30627 | Vaults:1 | Gained mutation: You have sharp toenails. [mutagenic meat]
 30628 | Vaults:1 | Lost mutation: Your muscles are strong. (Str +2) [mutagenic meat]
 30669 | Vaults:1 | Lost mutation: You are frail (-10% HP). [mutagenic meat]
 30670 | Vaults:1 | Lost mutation: Your body often deteriorates upon taking damage. [mutagenic meat]
 30671 | Vaults:1 | Gained mutation: You are clumsy. (Dex -2) [mutagenic meat]
 30674 | Vaults:1 | Gained mutation: You are partially covered in icy blue scales (AC +1). [mutagenic meat]
 30675 | Vaults:1 | Gained mutation: Your flesh is cold resistant. [mutagenic meat]
 30679 | Vaults:1 | Gained mutation: You have very sharp teeth. [mutagenic meat]
 30982 | Vaults:1 | Received a gift from Yredelemnul
 31150 | Vaults:1 | Gained mutation: You are occasionally teleported next to monsters. [mutagenic meat]
 31784 | Vaults:2 | Noticed Frederick
 31794 | Vaults:2 | Killed Frederick
 31806 | Vaults:2 | Received a gift from Yredelemnul
 32143 | Vaults:2 | Received a gift from Yredelemnul
 32148 | Vaults:2 | Reached XP level 18. HP: 136/162 MP: 25/25
 32302 | Vaults:2 | Your ally Frederick died
 32321 | Vaults:2 | Got an agate-encrusted leather armour
 32322 | Vaults:2 | Identified the cursed +0 leather armour of Suubbi {*Corrode rC+++ Dex+5} (You took it off a kobold demonologist on level 2 of the Vaults)
 32340 | Vaults:2 | Reached skill level 15 in Fighting
 32346 | Vaults:2 | Lost mutation: You are dopey. (Int -2) [mutagenic meat]
 32379 | Vaults:2 | Received a gift from Yredelemnul
 32568 | Vaults:2 | Gained mutation: You tend to lose your temper in combat. [mutagenic meat]
 32632 | Vaults:2 | Received a gift from Yredelemnul
 32731 | Vaults:2 | Lost mutation: Your body sometimes deteriorates upon taking damage. [mutagenic meat]
 32732 | Vaults:2 | Gained mutation: Your natural rate of healing is unusually fast. [mutagenic meat]
 32733 | Vaults:2 | Lost mutation: You are clumsy. (Dex -2) [mutagenic meat]
 32736 | Vaults:2 | Gained mutation: Your flesh is very cold resistant. [mutagenic meat]
 32739 | Vaults:2 | Lost mutation: You tend to lose your temper in combat. [mutagenic meat]
 32740 | Vaults:2 | Gained mutation: You can translocate small distances at will. [mutagenic meat]
 32756 | Vaults:2 | Found Lovof's Assorted Antiques.
 33130 | Vaults:3 | Received a gift from Yredelemnul
 33260 | Vaults:3 | Lost mutation: You have sharp toenails. [mutagenic meat]
 33261 | Vaults:3 | Gained mutation: Your mind is acute. (Int +2) [mutagenic meat]
 33262 | Vaults:3 | Lost mutation: You expend magic power (3 MP) to strengthen your wands. [mutagenic meat]
 33263 | Vaults:3 | Gained mutation: You are covered in fur (AC +1). [mutagenic meat]
 33309 | Vaults:3 | Received a gift from Yredelemnul
 33326 | Vaults:3 | Found a staircase to the Crypt.
 33831 | Vaults:3 | Received a gift from Yredelemnul
 33885 | Vaults:3 | Received a gift from Yredelemnul
 34358 | Vaults:4 | Received a gift from Yredelemnul
 34844 | Vaults:4 | Lost mutation: You sometimes yell uncontrollably at your foes. [mutagenic meat]
 34846 | Vaults:4 | Lost mutation: Your mind is acute. (Int +2) [mutagenic meat]
 34895 | Vaults:4 | Gained mutation: You possess an exceptional clarity of mind. [mutagenic meat]
 34897 | Vaults:4 | Lost mutation: You are covered in fur (AC +1). [mutagenic meat]
 34899 | Vaults:4 | Gained mutation: Scrolls take you a little longer to read. [mutagenic meat]
 34936 | Vaults:4 | Reached XP level 19. HP: 149/172 MP: 27/27
 35147 | Vaults:4 | Received a gift from Yredelemnul
 35458 | Vaults:4 | Gained mutation: Potions and wands are less effective at restoring your health. [mutagenic meat]
 35561 | Vaults:4 | Noticed a lich
 35578 | Vaults:4 | Killed a lich
 35949 | Depths:1 | Entered Level 1 of the Depths
 36003 | Depths:1 | Received a gift from Yredelemnul
 36034 | Depths:1 | Lost mutation: Scrolls take you a little longer to read. [mutagenic meat]
 36133 | Depths:1 | Gained mutation: Your spells are a little easier to cast, but a little less powerful. [mutagenic meat]
 36138 | Depths:1 | Lost mutation: You possess an exceptional clarity of mind. [mutagenic meat]
 36247 | Depths:1 | Found a shimmering altar of Xom.
 36358 | Depths:1 | Received a gift from Yredelemnul
 36389 | Depths:1 | Gained mutation: Your mind is acute. (Int +2) [mutagenic meat]
 36390 | Depths:1 | Lost mutation: Your spells are a little easier to cast, but a little less powerful. [mutagenic meat]
 36394 | Depths:1 | Gained mutation: Your mind is very acute. (Int +4) [mutagenic meat]
 36395 | Depths:1 | Lost mutation: Your flesh is very cold resistant. [mutagenic meat]
 36396 | Depths:1 | Gained mutation: You heal very quickly. [mutagenic meat]
 36400 | Depths:1 | Lost mutation: You occasionally shout uncontrollably at your foes. [mutagenic meat]
 36476 | Depths:1 | Found a gateway to Hell.
 36717 | Depths:2 | Received a gift from Yredelemnul
 36847 | Depths:2 | Found a one-way gate leading to the halls of Pandemonium.
 36972 | Depths:2 | Received a gift from Yredelemnul
 37017 | Depths:2 | Lost mutation: You are partially covered in icy blue scales (AC +1). [mutagenic meat]
 37018 | Depths:2 | Lost mutation: You are partially covered in yellow scales (AC +2). [mutagenic meat]
 37021 | Depths:2 | Lost mutation: Your mind is very acute. (Int +4) [mutagenic meat]
 37022 | Depths:2 | Gained mutation: Your body sometimes deteriorates upon taking damage. [mutagenic meat]
 37082 | Depths:2 | Found a basalt altar of Yredelemnul.
 37185 | Depths:2 | Got a faintly glowing quarterstaff {crush}
 37325 | Depths:2 | Received a gift from Yredelemnul
 37843 | Depths:3 | Noticed Boris
 37850 | Depths:3 | Killed Boris
 37853 | Depths:3 | Reached XP level 20. HP: 175/183 MP: 29/29
 37925 | Depths:3 | Received a gift from Yredelemnul
 38059 | Depths:3 | Lost mutation: Your body sometimes deteriorates upon taking damage. [mutagenic meat]
 38224 | Depths:3 | Noticed a juggernaut
 38242 | Depths:3 | Killed a juggernaut
 38242 | Depths:3 | Enslaved a juggernaut
 38247 | Depths:3 | Received a gift from Yredelemnul
 38592 | Depths:3 | Identified the +8 quarterstaff "Fuyn" {crush, Str+6} (You took it off a vampire on level 2 of the Depths)
 38623 | Depths:4 | Found a one-way gate to the infinite horrors of the Abyss.
 38638 | Depths:4 | Received a gift from Yredelemnul
 38705 | Depths:4 | Reached skill level 21 in Maces & Flails
 38875 | Depths:4 | Lost mutation: You are occasionally teleported next to monsters. [potion of cure mutation]
 38875 | Depths:4 | Lost mutation: You have very sharp teeth. [potion of cure mutation]
 38875 | Depths:4 | Lost mutation: Your flesh is cold resistant. [potion of cure mutation]
 38875 | Depths:4 | Lost mutation: Potions and wands are less effective at restoring your health. [potion of cure mutation]
 38875 | Depths:4 | Lost mutation: Your mind is acute. (Int +2) [potion of cure mutation]
 38886 | Depths:4 | Noticed a golden dragon
 38886 | Depths:4 | Noticed an iron giant
 38886 | Depths:4 | Noticed an iron giant
 38886 | Depths:4 | Noticed a caustic shrike
 38898 | Depths:4 | Killed a caustic shrike
 38903 | Depths:4 | Killed a golden dragon
 38908 | Depths:4 | Killed an iron giant
 38909 | Depths:4 | Killed an iron giant
 39061 | Depths:4 | Noticed a caustic shrike
 39069 | Depths:4 | Killed a caustic shrike
 39475 | Depths:4 | Found a gateway to a ziggurat.
 39580 | Depths:3 | Received a gift from Yredelemnul
 39649 | Depths:5 | Entered Level 5 of the Depths
 40629 | Depths:5 | Received a gift from Yredelemnul
 40897 | Depths:5 | Found a gate to the Realm of Zot.
 40902 | Depths:5 | Noticed a bone dragon
 40916 | Depths:5 | Received a gift from Yredelemnul
 40925 | Depths:5 | Killed a bone dragon
 41078 | Depths:5 | Noticed a golden dragon
 41092 | Depths:5 | Killed a golden dragon
 41167 | Depths:5 | Received a gift from Yredelemnul
 41170 | Depths:5 | Reached XP level 21. HP: 187/192 MP: 24/30
 41364 | Depths:5 | Found a snail-covered altar of Cheibriados.
 41531 | Depths:5 | Found Lomeleax's Luxury Loot.
 41673 | Depths:5 | Received a gift from Yredelemnul
 42151 | Vaults:5 | Entered Level 5 of the Vaults
 42223 | Vaults:5 | Noticed a golden dragon
 42229 | Vaults:5 | Received a gift from Yredelemnul
 42248 | Vaults:5 | Killed a golden dragon
 42325 | Vaults:5 | Received a gift from Yredelemnul
 42428 | Vaults:5 | Got a brightly glowing amethyst amulet
 42429 | Vaults:5 | Identified the amulet "Hiben" {+Rage rPois MP-9 Int+7} (You took it off a tengu reaver on level 5 of the Vaults)
 42804 | Vaults:5 | Noticed an ancient lich
 42815 | Vaults:5 | Killed an ancient lich
 42972 | Vaults:5 | Gained mutation: Your mind is acute. (Int +2) [potion of beneficial mutation]
 42976 | Vaults:5 | Received a gift from Yredelemnul
 43099 | Vaults:5 | Got a silver rune of Zot
 43291 | Vaults:5 | Found Rumik's Food Boutique.
 43295 | Vaults:5 | Bought a bread ration for 55 gold pieces
 43295 | Vaults:5 | Bought a bread ration for 55 gold pieces
 43295 | Vaults:5 | Bought a bread ration for 55 gold pieces
 43295 | Vaults:5 | Bought 3 fruits for 49 gold pieces
 43295 | Vaults:5 | Bought a beef jerky for 16 gold pieces
 43295 | Vaults:5 | Bought a meat ration for 55 gold pieces
 43732 | Vaults:1 | Reached skill level 15 in Dodging
 44178 | Elf:1    | Entered Level 1 of the Elven Halls
 44377 | Elf:1    | Killed Agnes
 44377 | Elf:1    | Reached XP level 22. HP: 202/202 MP: 32/32
 44588 | Elf:1    | Identified Kikubaaqudgha's Grimoire of Evil Rites
 44727 | Elf:1    | Reached skill level 15 in Invocations
 44785 | Elf:1    | Found a bloodstained altar of Trog.
 45040 | Elf:1    | Received a gift from Yredelemnul
 45128 | Elf:2    | Found a runed door.
 45654 | Elf:2    | Found a runed door.
 45670 | Elf:2    | Noticed Donald
 45688 | Elf:2    | Killed Donald
 45688 | Elf:2    | Reached skill level 22 in Maces & Flails
 45906 | Elf:2    | Received a gift from Yredelemnul
 46052 | Elf:3    | Entered Level 3 of the Elven Halls
 46577 | Elf:3    | Gained mutation: You regenerate. [helix card]
 46582 | Elf:3    | Drew Focus: Str increased to 23, Int decreased to 8
 46612 | Elf:3    | Received a gift from Yredelemnul
 47299 | Elf:3    | Got a coiled zirconium amulet
 47319 | Elf:3    | Identified the Disquisition on Hurtful Fire
 47389 | Elf:3    | Identified the amulet "Noppupie" {MPRegen Dex+2} (You found it on level 3 of the Elven Halls)
 48367 | Lair:2   | Reached XP level 23. HP: 210/213 MP: 33/33
 48522 | Slime:1  | Entered Level 1 of the Pits of Slime
 48551 | Slime:1  | Found a viscous altar of Jiyva.
 48624 | Slime:1  | Received a gift from Yredelemnul
 49071 | Slime:5  | Received a gift from Yredelemnul
 49431 | Slime:6  | Entered Level 6 of the Pits of Slime
 49824 | Slime:6  | Found a viscous altar of Jiyva.
 49826 | Slime:6  | Noticed the Royal Jelly
 49920 | Slime:6  | Received a gift from Yredelemnul
 50081 | Slime:6  | Gained mutation: Your muscles are strong. (Str +2) [a shining eye]
 50095 | Slime:6  | Gained mutation: Your body sometimes deteriorates upon taking damage. [a shining eye]
 50115 | Slime:6  | Reached XP level 24. HP: 161/222 MP: 33/33
 50620 | Slime:6  | Killed the Royal Jelly
 50691 | Slime:6  | Got a flickering tin amulet
 50700 | Slime:6  | Got a transparent brass ring
 50714 | Slime:6  | Identified the amulet "Helipno" {Harm *Drain rElec MP+9} (You found it on level 6 of the Pits of Slime)
 50715 | Slime:6  | Identified the ring of Terra Nullius {rN+ Dex+2} (You found it on level 6 of the Pits of Slime)
 50737 | Slime:6  | Identified the Incunabulum of Calling
 50752 | Slime:6  | Got a shimmering mace
 50841 | Slime:6  | Got a slimy rune of Zot
 50854 | Slime:6  | Identified the +6 mace of Iconoclasm {distort, *Rage rN+ Int+3 Dex+8} (You found it on level 6 of the Pits of Slime)
 50924 | Slime:3  | Received a gift from Yredelemnul
 51366 | Temple   | Fell from the grace of Yredelemnul
 51366 | Temple   | Became a worshipper of the Shining One
 51870 | Crypt:1  | Entered Level 1 of the Crypt
 51888 | Crypt:1  | Reached * piety under the Shining One
 52095 | Crypt:1  | Reached ** piety under the Shining One
 52319 | Crypt:1  | Reached *** piety under the Shining One
 52587 | Crypt:1  | Reached **** piety under the Shining One
 52970 | Crypt:1  | Reached ***** piety under the Shining One
 53635 | Crypt:2  | Noticed Saint Roka
 53668 | Crypt:2  | Killed Saint Roka
 54466 | Crypt:3  | Entered Level 3 of the Crypt
 54554 | Crypt:3  | Reached ****** piety under the Shining One
 54687 | Crypt:3  | Got a warped gossamer ring
 54688 | Crypt:3  | Identified the ring "Qew Sovu" {*Confuse MR+ Str+4 Dex+3 Stlth+} (You found it on level 3 of the Crypt)
 55210 | Crypt:3  | Reached skill level 23 in Maces & Flails
 55677 | Crypt:3  | Found a shimmering altar of Xom.
 55812 | Crypt:3  | Noticed Sojobo
 55924 | Crypt:3  | Killed Sojobo
 55924 | Crypt:3  | Reached XP level 25. HP: 214/232 MP: 33/34
 55960 | Crypt:3  | Identified the Incunabulum of Earthen Talismans
 56336 | Crypt:3  | Got a brightly glowing glass ring
 56336 | Crypt:3  | Got a brightly glowing marble ring
 56336 | Crypt:3  | Got a transparent copper ring
 56337 | Crypt:3  | Identified the ring of the Solstice {rN+ Dex+2} (You found it on level 3 of the Crypt)
 56338 | Crypt:3  | Identified the ring "Muvupij" {rN+ Int+2} (You found it on level 3 of the Crypt)
 56339 | Crypt:3  | Identified the ring of Zizxocun {rN+ Dex+4} (You found it on level 3 of the Crypt)
 56565 | Crypt:3  | Reached XP level 26. HP: 237/237 MP: 34/34
 56813 | Crypt:3  | Found a staircase to the Tomb.
 57234 | D:15     | Identified a +4 sacred scourge of holy wrath (a +2 demon whip of draining blessed by the Shining One)
 57234 | D:15     | Received a gift from the Shining One
 57910 | Pan      | Entered Pandemonium
 57956 | Pan      | Found an exit through the horrors of the Abyss.
 58482 | Pan      | Found a glowing silver altar of Zin.
 58756 | Pan      | Got a bloodstained large shield
 58757 | Pan      | Identified the +1 large shield of the Country {MR- MP+9 Str+4} (You took it off a daeva in Pandemonium)
 59021 | Pan      | Got a fine bone amulet
 59022 | Pan      | Identified the amulet "Minis" {Gourm +Blink} (You found it in Pandemonium)
 59133 | Pan      | Identified a +1 pair of boots of running (You found it in Pandemonium)
 59446 | Pan      | Found a white marble altar of Elyvilon.
 59546 | Pan      | Reached skill level 24 in Shields
 60086 | Pan      | Noticed a seraph
 60088 | Pan      | Found a glowing golden altar of the Shining One.
 60105 | Pan      | Killed a seraph
 60132 | Pan      | Got a demonic rune of Zot
 60512 | Pan      | Was forgiven by Yredelemnul
 60591 | Pan      | Noticed Eguduj the pandemonium lord
 60620 | Pan      | Reached XP level 27. HP: 249/249 MP: 34/34
 60657 | Pan      | Killed Eguduj the pandemonium lord
 60765 | Pan      | Found an exit through the horrors of the Abyss.
 60922 | Pan      | Found an exit through the horrors of the Abyss.
 60944 | Pan      | Noticed Sexzoa the pandemonium lord
 60969 | Pan      | Killed Sexzoa the pandemonium lord
 61070 | Pan      | Gained mutation: You are clumsy. (Dex -2) [a neqoxec]
 61172 | Pan      | Reached skill level 25 in Shields
 61342 | Pan      | Noticed Itusch the pandemonium lord
 61357 | Pan      | Killed Itusch the pandemonium lord
 61426 | Pan      | Found an exit through the horrors of the Abyss.
 61774 | Pan      | Noticed Vekhloly the pandemonium lord
 61832 | Pan      | Killed Vekhloly the pandemonium lord
 61841 | Pan      | Noticed Heanilu the pandemonium lord
 61854 | Pan      | Killed Heanilu the pandemonium lord
 61969 | Pan      | Noticed Ikameen the pandemonium lord
 62110 | Pan      | Found an exit through the horrors of the Abyss.
 62498 | Pan      | Noticed Ytrof the pandemonium lord
 62513 | Pan      | Killed Ytrof the pandemonium lord
 62527 | Pan      | Found an exit through the horrors of the Abyss.
 62850 | Pan      | Found an exit through the horrors of the Abyss.
 62936 | Pan      | Found an exit through the horrors of the Abyss.
 62991 | Pan      | Reached skill level 26 in Shields
 63088 | Pan      | Noticed Puaxon the pandemonium lord
 63133 | Pan      | Entered the realm of Gloorx Vloq.
 63283 | Pan      | Noticed Gloorx Vloq
 63293 | Pan      | Killed Gloorx Vloq
 63304 | Pan      | Got a dark rune of Zot
 63511 | Pan      | Noticed Vitimai the pandemonium lord
 63583 | Pan      | Killed Vitimai the pandemonium lord
 63924 | Pan      | Noticed Ymnirghesh the pandemonium lord
 63932 | Pan      | Killed Ymnirghesh the pandemonium lord
 64203 | Pan      | Noticed Ruiwa the pandemonium lord
 64215 | Pan      | Killed Ruiwa the pandemonium lord
 64376 | Pan      | Noticed Riozip the pandemonium lord
 64403 | Pan      | Killed Riozip the pandemonium lord
 64551 | Pan      | Noticed Mennas
 64599 | Pan      | Killed Mennas
 64601 | Pan      | Got a faintly glowing large shield
 64602 | Pan      | Identified the +1 large shield "Xoid" {rF+ MP+9 Dex-5} (You took it off Mennas in Pandemonium)
 64635 | Pan      | Entered the realm of Lom Lobon.
 64689 | Pan      | Found an exit through the horrors of the Abyss.
 64880 | Pan      | Noticed Lom Lobon
 65167 | Pan      | Drew Focus: Str increased to 24, Int decreased to 9
 65227 | Pan      | Killed Lom Lobon
 65233 | Pan      | Got a magical rune of Zot
 65657 | Pan      | Entered the realm of Mnoleg.
 65695 | Pan      | Noticed Mnoleg
 65715 | Pan      | Killed Mnoleg
 65768 | Pan      | Got a glowing rune of Zot
 66092 | Pan      | Found an exit through the horrors of the Abyss.
 66258 | Pan      | Found an exit through the horrors of the Abyss.
 66306 | Pan      | Found a runed door.
 66360 | Pan      | Gained mutation: You expend magic power (3 MP) to strengthen your wands. [a neqoxec]
 66379 | Pan      | Entered the realm of Cerebov.
 66455 | Pan      | Noticed Cerebov
 66465 | Pan      | Reached skill level 27 in Maces & Flails
 66885 | Pan      | Killed Cerebov
 67050 | Pan      | Got a fiery rune of Zot
 67215 | Pan      | Found an exit through the horrors of the Abyss.
 67242 | Pan      | Took an exit into the Abyss.
 67242 | Abyss:1  | Escaped into the Abyss
 67525 | Abyss:1  | Found a corrupted altar of Lugonu.
 67837 | Abyss:1  | Paralysed by accursed screaming for 1 turns
 67920 | Abyss:1  | Found a corrupted altar of Lugonu.
 68371 | Abyss:1  | Gained mutation: You tend to lose your temper in combat. [a neqoxec]
 68453 | Abyss:1  | Found a corrupted altar of Lugonu.
 68539 | Abyss:1  | Lost mutation: Your mind is acute. (Int +2) [potion of cure mutation]
 68539 | Abyss:1  | Lost mutation: You are clumsy. (Dex -2) [potion of cure mutation]
 68539 | Abyss:1  | Lost mutation: Your muscles are strong. (Str +2) [potion of cure mutation]
 68539 | Abyss:1  | Lost mutation: Your body sometimes deteriorates upon taking damage. [potion of cure mutation]
 68540 | Abyss:1  | Lost mutation: You tend to lose your temper in combat. [potion of cure mutation]
 68610 | Abyss:3  | Found a corrupted altar of Lugonu.
 68899 | Abyss:5  | Entered Level 5 of the Abyss
 68983 | Abyss:5  | Got an abyssal rune of Zot
 69012 | Depths:2 | Escaped the Abyss
 69342 | Lair:2   | Upgraded the game from 0.18-a0-1166-g6e2d2a0 to 0.18-a0-1179-g120c792
 69675 | Hell     | Entered the Vestibule of Hell
 69675 | Hell     | Noticed Geryon
 69739 | Hell     | Killed Geryon
 69770 | Hell     | Noticed Murray
 69856 | Hell     | Killed Murray
 69872 | Hell     | Found a gateway to the ashen valley of Gehenna.
 69886 | Geh:1    | Entered Level 1 of Gehenna
 70846 | Geh:7    | Entered Level 7 of Gehenna
 70854 | Geh:7    | Reached skill level 27 in Shields
 71546 | Geh:7    | Got a twitching jade ring
 71566 | Geh:7    | Identified the ring "Sogit" {rPois Int+3} (You found it on level 7 of Gehenna)
 71714 | Geh:7    | Noticed Asmodeus
 71743 | Geh:7    | Killed Asmodeus
 71790 | Geh:7    | Got an obsidian rune of Zot
 72011 | Hell     | Found a gateway to the decaying netherworld of Tartarus.
 72068 | Hell     | Found a gateway to the freezing wastes of Cocytus.
 72163 | Hell     | Found a gateway to the Iron City of Dis.
 72192 | Dis:1    | Entered Level 1 of the Iron City of Dis
 72543 | Dis:3    | Found a huge runed gate.
 72543 | Dis:3    | Found a huge runed gate.
 72543 | Dis:3    | Found a huge runed gate.
 72543 | Dis:3    | Found a huge runed gate.
 72999 | Dis:5    | Reached skill level 1 in Evocations
 73344 | Dis:7    | Entered Level 7 of the Iron City of Dis
 73935 | Dis:7    | Reached skill level 27 in Armour
 74053 | Dis:7    | Reached skill level 5 in Evocations
 74811 | Dis:7    | Identified the Catalogue of Ashen Black Rituals
 75048 | Dis:7    | Noticed Dispater
 75077 | Dis:7    | Killed Dispater
 75150 | Dis:7    | Got an iron rune of Zot
 75424 | Coc:1    | Entered Level 1 of Cocytus
 75763 | Coc:6    | Gained mutation: You are frail (-10% HP). [mutagenic glow]
 75793 | Coc:7    | Entered Level 7 of Cocytus
 75819 | Coc:7    | Gained mutation: You occasionally shout uncontrollably at your foes. [mutagenic glow]
 76132 | Coc:7    | Got a clouded steel ring
 76139 | Coc:7    | Identified Feamof's Guide on the Harmful Blaze
 76142 | Coc:7    | Identified the ring of Niograopt {*Confuse +Blink Int+5 Dex+6 Slay+2} (You found it on level 7 of Cocytus)
 76311 | Coc:7    | Hired Epeqi the deep elf mage for 557 gold.
 76316 | Coc:7    | Your ally Epeqi died
 76411 | Coc:7    | Noticed Antaeus
 76452 | Coc:7    | Killed Antaeus
 76496 | Coc:7    | Got an icy rune of Zot
 76537 | Coc:7    | Got a polished double sword
 77027 | Tar:1    | Entered Level 1 of Tartarus
 77236 | Tar:2    | Reached skill level 10 in Evocations
 78310 | Tar:7    | Entered Level 7 of Tartarus
 79201 | Tar:7    | Noticed Ereshkigal
 79253 | Tar:7    | Noticed an ancient lich
 79260 | Tar:7    | Killed an ancient lich
 79270 | Tar:7    | Got a smoking bronze ring
 79286 | Tar:7    | Identified the ring "Tolere" {rF+ AC+5} (You found it on level 7 of Tartarus)
 79362 | Tar:7    | Reached skill level 27 in Fighting
 79430 | Tar:7    | Got a brightly glowing iron ring
 79431 | Tar:7    | Identified the ring "Tycuett" {+Fly rN+ Str+2 Dex-5} (You found it on level 7 of Tartarus)
 79435 | Tar:7    | Noticed the Serpent of Hell
 79456 | Tar:7    | Killed the Serpent of Hell
 79710 | Tar:7    | Killed Ereshkigal
 79850 | Tar:7    | Got a bound jade ring
 79853 | Tar:7    | Identified the ring of Bahitz {rElec rPois SInv} (You found it on level 7 of Tartarus)
 79910 | Tar:7    | Identified the Papyrus of the Oath
 80015 | Tar:7    | Got a bone rune of Zot
 80847 | Zig:1    | Entered Level 1 of a ziggurat
 80870 | Zig:2    | Entered Level 2 of a ziggurat
 80895 | Zig:3    | Entered Level 3 of a ziggurat
 80934 | Zig:4    | Entered Level 4 of a ziggurat
 80971 | Zig:5    | Entered Level 5 of a ziggurat
 81015 | Zig:5    | Identified the Catalogue of Enchantment
 81024 | Zig:6    | Entered Level 6 of a ziggurat
 81090 | Zig:7    | Entered Level 7 of a ziggurat
 81094 | Zig:7    | Noticed an ancient lich
 81110 | Zig:7    | Killed an ancient lich
 81140 | Zig:7    | Got a sparkling lead ring
 81148 | Zig:7    | Identified the ring "Rolaeg" {Ice Int-3 Dex+3 SInv} (You found it on level 7 of a ziggurat)
 81154 | Zig:8    | Entered Level 8 of a ziggurat
 81214 | Zig:8    | Got a vibrating golden amulet
 81220 | Zig:8    | Identified the amulet of Desertification {Reflect rC+ Str+4 SH+4} (You found it on level 8 of a ziggurat)
 81238 | Zig:9    | Entered Level 9 of a ziggurat
 81330 | Zig:9    | Gained mutation: You have large cloven feet. [potion of beneficial mutation]
 81331 | Zig:9    | Lost mutation: You are frail (-10% HP). [potion of cure mutation]
 81331 | Zig:9    | Lost mutation: You expend magic power (3 MP) to strengthen your wands. [potion of cure mutation]
 81331 | Zig:9    | Lost mutation: You occasionally shout uncontrollably at your foes. [potion of cure mutation]
 81331 | Zig:9    | Lost mutation: You have large cloven feet. [potion of cure mutation]
 81335 | Zig:10   | Entered Level 10 of a ziggurat
 81386 | Zig:11   | Entered Level 11 of a ziggurat
 81550 | Zig:11   | Got a shimmering ruby amulet
 81556 | Zig:11   | Identified the amulet of the Camelopard {+Rage rN+} (You found it on level 11 of a ziggurat)
 81559 | Zig:12   | Entered Level 12 of a ziggurat
 81666 | Zig:12   | Reached skill level 15 in Evocations
 81895 | Zig:12   | Got a sparkling bronze ring
 81916 | Zig:12   | Identified the ring of Orrigumy {rF+ rC+ MP+9 Dex-4} (You found it on level 12 of a ziggurat)
 81920 | Zig:12   | Got a pair of heavily runed boots
 81921 | Zig:12   | Identified the +0 pair of boots of Darkness {+Blink rElec rPois MR+} (You acquired it on level 12 of a ziggurat)
 81925 | Zig:13   | Entered Level 13 of a ziggurat
 81938 | Zig:13   | Noticed an ancient lich
 81975 | Zig:13   | Killed an ancient lich
 82011 | Zig:13   | Got a wavering graven amulet
 82013 | Zig:13   | Got a transparent plate armour
 82015 | Zig:13   | Got a clouded glass ring
 82029 | Zig:13   | Identified the cursed ring of Zaul {rPois Slay-4} (You found it on level 13 of a ziggurat)
 82030 | Zig:13   | Identified the amulet of Jogro Nalefo {Regen+ MP+9 Dex+2 Slay+3 Stlth+} (You found it on level 13 of a ziggurat)
 82031 | Zig:13   | Identified the +1 plate armour of Eternal Vigilance {+Inv MR+} (You found it on level 13 of a ziggurat)
 82040 | Zig:14   | Entered Level 14 of a ziggurat
 82189 | Zig:15   | Entered Level 15 of a ziggurat
 82308 | Zig:15   | Got a fine amber ring
 82312 | Zig:15   | Identified the ring of Zywuc {Fire rElec rN+ Int-2 Dex+3} (You found it on level 15 of a ziggurat)
 82336 | Zig:16   | Entered Level 16 of a ziggurat
 82442 | Zig:16   | Reached skill level 27 in Dodging
 82453 | Zig:17   | Entered Level 17 of a ziggurat
 82477 | Zig:17   | Noticed a juggernaut
 82477 | Zig:17   | Noticed a juggernaut
 82487 | Zig:17   | Noticed a juggernaut
 82498 | Zig:17   | Killed a juggernaut
 82507 | Zig:17   | Killed a juggernaut
 82518 | Zig:17   | Killed a juggernaut
 82612 | Zig:18   | Entered Level 18 of a ziggurat
 82644 | Zig:18   | Paralysed by accursed screaming for 1 turns
 82647 | Zig:18   | Paralysed by accursed screaming for 2 turns
 82656 | Zig:18   | Paralysed by accursed screaming for 2 turns
 82677 | Zig:18   | Paralysed by accursed screaming for 1 turns
 82901 | Zig:19   | Entered Level 19 of a ziggurat
 82912 | Zig:19   | Noticed Oreicaxo the pandemonium lord
 82913 | Zig:19   | Noticed Niqesch the pandemonium lord
 82923 | Zig:19   | Noticed Tosoc the pandemonium lord
 82923 | Zig:19   | Killed Oreicaxo the pandemonium lord
 82923 | Zig:19   | Killed Niqesch the pandemonium lord
 82927 | Zig:19   | Noticed Appef the pandemonium lord
 82930 | Zig:19   | Noticed Hyler the pandemonium lord
 82930 | Zig:19   | Noticed Buekill the pandemonium lord
 82936 | Zig:19   | Noticed Xaufat the pandemonium lord
 82941 | Zig:19   | Killed Hyler the pandemonium lord
 82941 | Zig:19   | Killed Appef the pandemonium lord
 82942 | Zig:19   | Noticed Ajufo the pandemonium lord
 82942 | Zig:19   | Killed Tosoc the pandemonium lord
 82943 | Zig:19   | Killed Buekill the pandemonium lord
 82948 | Zig:19   | Noticed Guzo the pandemonium lord
 82957 | Zig:19   | Killed Ajufo the pandemonium lord
 82957 | Zig:19   | Reached skill level 27 in Invocations
 82957 | Zig:19   | Killed Xaufat the pandemonium lord
 82960 | Zig:19   | Killed Guzo the pandemonium lord
 83062 | Zig:20   | Entered Level 20 of a ziggurat
 83091 | Zig:20   | HP: 13/273 [??? (4)]
 83687 | Tomb:1   | Entered Level 1 of the Tomb of the Ancients
 84095 | Tomb:1   | Noticed a greater mummy
 84123 | Tomb:1   | Killed a greater mummy
 84442 | Tomb:2   | Noticed Boris
 84443 | Tomb:2   | Noticed a greater mummy
 84445 | Tomb:2   | Noticed a greater mummy
 84446 | Tomb:2   | Noticed a greater mummy
 84446 | Tomb:2   | Noticed a greater mummy
 84712 | Tomb:2   | Killed a greater mummy
 84714 | Tomb:1   | Killed a greater mummy
 84725 | Tomb:1   | Killed Boris
 84913 | Tomb:2   | Killed a greater mummy
 85206 | Tomb:2   | Killed a greater mummy
 85698 | Tomb:1   | Noticed a greater mummy
 85705 | Tomb:1   | Noticed a greater mummy
 85712 | Tomb:1   | Noticed a greater mummy
 85714 | Tomb:1   | Killed a greater mummy
 85718 | Tomb:1   | Noticed a greater mummy
 85724 | Tomb:1   | Noticed a greater mummy
 85724 | Tomb:1   | Killed a greater mummy
 85904 | Tomb:1   | Noticed a greater mummy
 85909 | Tomb:1   | Killed a greater mummy
 85910 | Tomb:1   | Noticed a greater mummy
 85915 | Tomb:2   | Killed a greater mummy
 85922 | Tomb:2   | Killed a greater mummy
 85990 | Tomb:1   | Killed a greater mummy
 85997 | Tomb:1   | Killed a greater mummy
 86136 | Tomb:1   | Noticed a greater mummy
 86144 | Tomb:1   | Killed a greater mummy
 86148 | Tomb:1   | Noticed a greater mummy
 86148 | Tomb:1   | Noticed a greater mummy
 86151 | Tomb:1   | Killed a greater mummy
 86153 | Tomb:1   | Killed a greater mummy
 86165 | Tomb:1   | Noticed a greater mummy
 86176 | Tomb:1   | Noticed a greater mummy
 86176 | Tomb:1   | Killed a greater mummy
 86189 | Tomb:1   | Killed a greater mummy
 86190 | Tomb:1   | Noticed a greater mummy
 86197 | Tomb:1   | Killed a greater mummy
 86399 | Tomb:1   | Noticed a greater mummy
 86409 | Tomb:1   | Killed a greater mummy
 86443 | Tomb:1   | Noticed a greater mummy
 86446 | Tomb:1   | Noticed a greater mummy
 86453 | Tomb:1   | Noticed a greater mummy
 86455 | Tomb:1   | Killed a greater mummy
 86456 | Tomb:1   | Killed a greater mummy
 86466 | Tomb:1   | Killed a greater mummy
 86567 | Tomb:1   | Noticed a greater mummy
 86582 | Tomb:1   | Killed a greater mummy
 86692 | Tomb:2   | Cast into level 5 of the Abyss (a Zot trap)
 86692 | Abyss:5  | Entered Level 5 of the Abyss
 86696 | Abyss:5  | Found a corrupted altar of Lugonu.
 86705 | Tomb:2   | Escaped the Abyss
 86742 | Tomb:3   | Entered Level 3 of the Tomb of the Ancients
 86765 | Tomb:3   | Noticed a greater mummy
 86766 | Tomb:3   | Noticed a greater mummy
 86909 | Tomb:3   | Killed a greater mummy
 86913 | Tomb:2   | Killed a greater mummy
 87199 | Tomb:3   | Noticed a greater mummy
 87367 | Tomb:3   | Noticed a greater mummy
 87377 | Tomb:2   | Killed a greater mummy
 87681 | Tomb:3   | Killed a greater mummy
 87933 | Tomb:3   | Noticed Khufu
 87939 | Tomb:3   | Noticed a greater mummy
 87944 | Tomb:3   | Killed Khufu
 87950 | Tomb:3   | Noticed an ancient lich
 88088 | Tomb:3   | Killed an ancient lich
 88097 | Tomb:3   | Killed a greater mummy
 88108 | Tomb:3   | Noticed an ancient lich
 88122 | Tomb:3   | Killed an ancient lich
 88177 | Tomb:3   | Noticed an ancient lich
 88187 | Tomb:3   | Killed an ancient lich
 88200 | Tomb:3   | Got a golden rune of Zot
 88578 | Tomb:3   | Got a brightly glowing jade ring
 88631 | Tomb:3   | Identified the ring "Hyttysh" {SustAt rF++} (You found it on level 3 of the Tomb of the Ancients)
 89834 | Zot:1    | Entered Level 1 of the Realm of Zot
 90787 | Zot:5    | Entered Level 5 of the Realm of Zot
 91019 | Zot:5    | Reached skill level 27 in Evocations
 91019 | Zot:5    | Reached skill level 1 in Throwing
 91058 | Zot:5    | Noticed an orb of fire
 91069 | Zot:5    | Noticed an ancient lich
 91070 | Zot:5    | Noticed an ancient lich
 91071 | Zot:5    | Killed an orb of fire
 91075 | Zot:5    | Noticed an orb of fire
 91075 | Zot:5    | Reached skill level 5 in Throwing
 91081 | Zot:5    | Killed an ancient lich
 91084 | Zot:5    | Noticed an ancient lich
 91089 | Zot:5    | Killed an ancient lich
 91092 | Zot:5    | Noticed an orb of fire
 91093 | Zot:5    | Killed an ancient lich
 91098 | Zot:5    | Gained mutation: Your spells are a little easier to cast, but a little less powerful. [an orb of fire]
 91099 | Zot:5    | Killed an orb of fire
 91113 | Zot:5    | Killed an orb of fire
 91170 | Zot:5    | Reached skill level 10 in Throwing
 91237 | Zot:5    | Got the Orb of Zot
 91309 | Zot:5    | Noticed Soekh the pandemonium lord
 91725 | D:3      | Killed kirsanium's ghost
 91755 | D:2      | Noticed Saacw the pandemonium lord
 91822 | D:$      | Escaped with the Orb!

Vault maps used:
D:1:      dpeg_arrival_fog
D:2:      kiku_gazebo_pond_becter, grunt_ministairs_14
D:3:      marbit_many_paths
D:4:      temple_doors_e, first_bread, uniq_sigmund
D:5:      grunt_qazlal_clouds, grunt_decor_fettered, minmay_misc_feat_room
D:6:      kennysheep_little_box, old_standard_altar,
          nicolae_ru_great_annihilating_truth
D:7:      grunt_livestock, grunt_decor_cap, kennysheep_flooded_box
D:8:      grunt_temple_overflow_champion_of_chaos, lemuel_old_faithful,
          uniq_maurice
D:9:      nicolae_overflow_crystal_walls, lair_0_dummy, serial_glass,
          glass_columns_b, glass_columns_c, glass_columns_c,
          hangedman_abyss_or_decor_passed, minmay_misc_feat_square
D:10:     serial_shops, shop
D:11:     uniq_gastronok, uniq_snorg
D:12:     uniq_rupert, uniq_sonja, uniq_nergalle, uniq_frances, uniq_maud
D:13:     elyvilon_altar_1
D:14:     hangedman_vaults_entry_quadrant_bands, infiniplex_staircase_river,
          uniq_urug
D:15:     hangedman_depths_entry_try_elsewhere_first, old_standard_altar
Temple:   eino_temple_water_12
Lair:1:   basic_altar, minivault_29
Lair:2:   grunt_megastairs_3, infiniplex_staircase_pool, lemuel_fruit_tree
Lair:4:   st_stairs_13, beast_lair_carwin_5, grunt_megastairs_2
Lair:5:   swamp_mist_pool, spider_nest_entry_web_field
Lair:6:   minmay_holes, wad_woods_river_01, uniq_nessos
Lair:8:   evilmike_catoblepas_cave, minmay_slime_entry_pillars
Swamp:1:  evilmike_swamp_ruin_rubble_2
Swamp:2:  evilmike_swamp_ruin_house_4, infiniplex_staircase_pool_2, uniq_louise
Swamp:3:  nicolae_swamp_little_tower
Swamp:4:  swamp_vile
Spider:1: spider_trap
Spider:2: guppyfry_spider_mini_2
Spider:3: spiders_nest_scorpion_pit, uniq_arachne, uniq_asterion, uniq_kirke
Spider:4: floodkiller_spider_rune_tomb
Slime:1:  cheibrodos_slime_lost_civilization_2, basic_altar
Slime:3:  cheibrodos_slime_lost_civilization_5
Orc:1:    rock_pile
Orc:2:    pubby_orc_utopia
Elf:1:    lemuel_upstairs_altar, minmay_elf_necromancy,
          evilmike_spriggan_trog_shrine, uniq_agnes
Elf:2:    uniq_donald
Elf:3:    elf_hall
Vaults:1: v_misc_2, vaults_room_large_hall, grunt_vaults_hallway_short,
          nicolae_vaults_alarming, v_misc_32, vaults_dpeg_diagonal,
          vaults_dpeg_ring
Vaults:2: vaults_room_door_hall, ontoclasm_vaults_water_temple,
          vaults_room_grunt_arrival_ludios, nicolae_vaults_ring_of_whatevers,
          nicolae_vaults_border_crossing, vaults_mumra_hex, v_misc_5,
          nicolae_vaults_little_squares_2, ontoclasm_vaults_pinch,
          nicolae_vaults_little_squares_6, hangedman_vaults_restitches,
          v_misc_19, serial_shops, nicolae_shop_waterfront, uniq_frederick
Vaults:3: minmay_crypt_entry_vampire_xt, nicolae_vaults_little_squares_6,
          v_misc_15, v_misc_23, hangedman_vaults_slither, grunt_vaults_twisty,
          v_misc_27, grunt_vaults_hallway_short, st_lines,
          vaults_room_semicircle, v_misc_27, vaults_room_hallway,
          vaults_room_fours
Vaults:4: v_rooms_5, ontoclasm_vaults_ring_small,
          nicolae_vaults_disjoint_gnomons, v_misc_9, v_misc_29,
          vaults_mumra_hexcomb, vaults_dpeg_doors, vaults_room_hallway,
          vaults_mumra_bighexcomb, vaults_standard_mumra_lines, v_misc_17,
          vaults_room_hallway, hangedman_vaults_stretched_pinwheel
Vaults:5: serial_shops
Crypt:1:  minmay_misc_feat_columns, st_stairs_10, tombwall_bobbens
Crypt:2:  grunt_ministairs_11, uniq_saint_roka
Crypt:3:  church_of_pain_bobbens, nicolae_tomb_entry_grand_gallery, uniq_sojobo
Tomb:2:   uniq_boris
Depths:1: kennysheep_nub, hellmouth_1, tgw_xom, serial_bayou_shore_b
Depths:2: lemuel_vampire_tower, corexii_hall_statues_u, hell_entry,
          grunt_pan_entry_in_and_out, minmay_staircase_windowed_large
Depths:3: minmay_outward_triangles, special_room, grunt_hell_horde,
          dk_noncrumbling_2, pan_entry, minmay_staircase_bubble, uniq_boris
Depths:4: minmay_octo_star, enter_ziggurat_e, pf_dread_powers_of_hell,
          abyss_entry, hangedman_decor_slide_cut
Depths:5: grunt_zot_entry_funnels, cheibriados_altar_1, hell_entry,
          grunt_ministairs_4, nicolae_alphabet_shops
Dis:3:    door_vault
Dis:5:    nrook_loot_triangle, hangedman_player_shredder
Dis:6:    kennysheep_iron_temple
Dis:7:    iron_city_of_dis
Geh:2:    lemuel_hellion_isle
Geh:3:    hangedman_hellfire_club
Geh:6:    nicolae_geh_fiery_graves
Geh:7:    evilmike_geh
Coc:7:    coc_grunt
Tar:7:    tar_grunt_cathedral
Zot:1:    lemuel_draconian_sentries
Zot:3:    kennysheep_ambush_hall
Zot:4:    lemuel_flame_loot_1
Zot:5:    st_stairs_6
Abyss:3:  grunt_abyss_exit_deep_breaths, grunt_abyss_rune_wretched_hive
Abyss:4:  nicolae_abyss_rune_more_like_crabyss
Abyss:5:  evilmike_abyss_rune_elephants, minivault_27,
          hangedman_abyss_overflow_altar, evilmike_abyss_exit_smiterflies
Pan:      evilmike_mini_pan_diamond, nicolae_pan_mnolegish_4,
          evilmike_mini_pan_doors, evilmike_holy_pan, rand_demon_4,
          rand_demon_3, pan_blood_fountain, pan_blood_fountain_small,
          nicolae_pan_cerebovesque_2, grunt_pan_pentagram,
          evilmike_mini_pan_layers, rand_demon_2, rand_demon_3,
          evilmike_mini_pan_3x3, nicolae_pan_performance_anxiety, rand_demon_6,
          nicolae_pan_cerebovesque_1, reaverb_pan_squares, rand_demon_5,
          pan_blood_fountain_small, grunt_pan_sceptre, evilmike_mini_pan_V,
          grunt_pan_spiral, pan_blood_fountain_small, pan_blood_fountain,
          nicolae_pan_sigil_eeng, lemuel_draining_boxes,
          evilmike_mini_pan_layers, nicolae_pan_mnolegish_1,
          nicolae_pan_glass_arcs, lemuel_hellion_island, gloorx_vloq_grunt,
          pan_blood_fountain_2, pan_blood_fountain, nicolae_pan_lom_lobonic_3,
          grunt_pan_pentagram, grunt_pan_pentagram, rand_demon_1,
          evilmike_mini_pan_doors, nicolae_pan_sigil_obb, rand_demon_6,
          pan_blood_fountain_small, pan_blood_fountain, nicolae_pan_giant_door,
          uniq_mennas_pan, lom_lobon_st, evilmike_mini_pan_thingy,
          pan_blood_fountain_small, mnoleg, evilmike_mini_pan_corner,
          evilmike_mini_pan_pillars_b, evilmike_mini_pan_thingy, rand_demon_9,
          cerebov, pan_blood_fountain_2, pan_blood_fountain
Zig:4:    ziggurat_loot_3
Zig:7:    ziggurat_pillar_centre_c
Zig:12:   ziggurat_pillar_centre_oklobs
Zig:14:   ziggurat_loot_2
Zig:15:   ziggurat_pillar_centre_dead_trees

Action                   |  1- 3 |  4- 6 |  7- 9 | 10-12 | 13-15 | 16-18 | 19-21 | 22-24 | 25-27 || total
-------------------------+-------+-------+-------+-------+-------+-------+-------+-------+-------++-------
Melee: Flail             |   110 |   145 |   110 |       |       |       |       |       |       ||   365
       Morningstar       |       |       |   234 |   481 |       |       |       |       |       ||   715
       Demon whip        |       |       |       |   348 |   834 |       |       |       |       ||  1182
       Mace              |       |       |       |       |   817 |  1156 |  1391 |  3305 |   552 ||  7221
       Sacred scourge    |       |       |       |       |       |       |       |       |  8036 ||  8036
Throw: Throwing net      |       |     1 |       |       |       |       |       |       |       ||     1
Invok: Animate Remains   |       |       |    16 |     5 |       |       |       |       |       ||    21
       Animate Dead      |       |       |       |    58 |   156 |   140 |   102 |    22 |       ||   478
       Recall Undead Sla |       |       |       |     5 |    18 |    18 |    14 |     3 |       ||    58
       Injury Mirror     |       |       |       |     1 |       |       |       |       |       ||     1
       Enslave Soul      |       |       |       |       |     4 |       |     1 |       |       ||     5
       Drain Life        |       |       |       |       |       |     2 |     2 |     3 |       ||     7
       Divine Shield     |       |       |       |       |       |       |       |     5 |    44 ||    49
       Summon Divine War |       |       |       |       |       |       |       |     3 |    16 ||    19
       Brand Weapon With |       |       |       |       |       |       |       |       |     1 ||     1
       Cleansing Flame   |       |       |       |       |       |       |       |       |   230 ||   230
 Abil: Blink             |       |       |       |       |       |       |     1 |       |    13 ||    14
Evoke: Wand              |       |       |       |     2 |     2 |       |     5 |     8 |    75 ||    92
       Deck              |       |       |       |       |     2 |       |       |     3 |     6 ||    11
  Use: Potion            |     3 |     2 |       |     1 |       |     3 |     3 |     3 |    64 ||    79
       Scroll            |       |       |     2 |    10 |    14 |    11 |    14 |    11 |    88 ||   150
 Stab: Paralysed         |       |       |     1 |       |     2 |     6 |     1 |       |       ||    10
       Distracted        |       |       |       |     7 |    18 |    27 |    41 |     9 |     2 ||   104
       Confused          |       |       |       |       |     1 |     1 |       |       |       ||     2
  Eat: Chunk             |       |     7 |    24 |    27 |    55 |    99 |    73 |    16 |    60 ||   361
       Fruit             |       |       |       |       |     2 |       |       |    22 |    10 ||    34
       Pizza             |       |       |       |       |     1 |     3 |       |     1 |    16 ||    21
       Beef jerky        |       |       |       |       |     1 |       |     2 |     2 |     2 ||     7
       Meat ration       |       |       |       |       |       |       |       |     1 |    12 ||    13
       Bread ration      |       |       |       |       |       |       |       |       |     3 ||     3
